 Dungeon Crawl Stone Soup version 0.27.0-1-g7a089689b8 (console) character file.

Game seed: 16038988412940406057

308 FIQ the Skirmisher (level 6, -9/73 HPs)
             Began as a Demonspawn Berserker on Aug 14, 2021.
             Was a Believer of Trog.
             Killed from afar by Natasha (10 damage)
             ... with a magic dart
             ... on level 4 of the Dungeon.
             The game lasted 00:02:19 (2725 turns).

FIQ the Skirmisher (Demonspawn Berserker)           Turns: 2725, Time: 00:02:19

Health: -9/73      AC:  6    Str: 19    XL:     6   Next: 17%
Magic:  6/6        EV: 12    Int:  9    God:    Trog [**....]
Gold:   147        SH:  0    Dex: 12    Spells: 5/5 levels left

rFire    . . .     SeeInvis .   a - +0 falchion
rCold    . . .     Faith    .   (no shield)
rNeg     . . .     Spirit   .   k - +2 robe {Archmagi}
rPois    .         Reflect  .   (helmet restricted)
rElec    .         Harm     .   (no cloak)
rCorr    .         Rampage  .   (no gloves)
Will     .....     Archmagi +   (no boots)
Stlth    ..........             (no amulet)
HPRegen  0.22/turn              (no ring)
MPRegen  0.10/turn              (no ring)

@: berserking, very quick
A: horns 1, molten scales 1
a: Renounce Religion, Berserk, Trog's Hand


You were on level 4 of the Dungeon.
You worshipped Trog.
Trog was pleased with you.
You visited 1 branch of the dungeon, and saw 4 of its levels.

You collected 147 gold pieces.

Inventory:

Hand Weapons
 a - a +0 falchion (weapon)
Armour
 b - a +0 animal skin
 k - a +2 robe of the Archmagi (worn)
Jewellery
 l - a ring of flight
Scrolls
 c - 2 scrolls of identify {unknown}
 f - a scroll of fear {unknown}
 j - 2 scrolls of vulnerability {unknown}
 m - 2 scrolls of noise {unknown}
 n - a scroll of magic mapping {unknown}
Potions
 d - a potion of magic {unknown}
 e - 3 potions of cancellation {unknown}
 g - a potion of degeneration {unknown}
 h - a potion of flight {unknown}
 i - a potion of might {unknown}
 o - a potion of brilliance {unknown}
 p - a potion of lignification {unknown}
 q - a potion of curing {unknown}


   Skills:
 + Level 4.3 Fighting
 + Level 3.9 Long Blades
 + Level 3.2 Armour
 + Level 3.2 Dodging


You had 5 spell levels left.
You didn't know any spells.
Your spell library was empty.

Dungeon Overview and Level Annotations

Branches:
Dungeon (4/15)
 Temple: D:4-7

Altars:

Annotations:
D:4 Edmund, Natasha


Innate Abilities, Weirdness & Mutations

You have a pair of small horns on your head.
You are partially covered in molten scales. (AC +2)


Message History

Natasha mumbles some strange words.
Edmund hits you with a +1 flail of holy wrath.
You convulse.
Natasha stares at you and mumbles some strange words.
The magic dart hits you!
You hit Edmund but do no damage. Your headbutt misses Edmund.
Edmund hits you with a +1 flail of holy wrath.
You convulse.
Natasha claws you but does no damage.
You are too injured to fight recklessly!
You are too injured to fight recklessly!
You are too injured to fight recklessly!
You are too injured to fight recklessly!
You are too injured to fight recklessly!
You are too injured to fight recklessly!
You are too injured to fight recklessly!
There are monsters nearby!
There are monsters nearby!
There are monsters nearby!
There are monsters nearby!
A red film seems to cover your vision as you go berserk!
You feel yourself moving faster!
You feel mighty!
Edmund hits you with a +1 flail of holy wrath.
You convulse!
* * * LOW HITPOINT WARNING * * *
Natasha misses you.
You are too injured to fight recklessly!
You are too injured to fight recklessly!
You are too injured to fight recklessly!
You are too injured to fight recklessly!
You barely miss Natasha. You headbutt Natasha!
Natasha is almost dead.
Edmund hits you with a +1 flail of holy wrath!
* * * LOW HITPOINT WARNING * * *
You convulse!
* * * LOW HITPOINT WARNING * * *
You barely miss Natasha.
Natasha is almost dead.
Natasha casts a spell at you. The magic dart hits you!
You die...

#............#######
#...................
.............###..##
###.................
#####...##..###≈..
##..####.#...# ####...#
#.#.⌠.# ≈ #......#
#.#...#≈≈ #.@....#
#..###≈≈≈
......h@5...####....≈≈≈≈
....................≈≈≈≈
##..........#.....###≈≈≈
[................#...#≈≈
............#....#.⌠.# ≈
.###........#....#...#
##.......#.....###≈..
.........#........


You could see Edmund, Natasha and a crimson imp (summoned).

Vanquished Creatures
  Sigmund (D:2)
  2 orc wizards (D:3)
  An adder (D:3)
  An adder skeleton (D:4)
  A worm (D:3)
  A dart slug (D:1)
  4 orcs
  4 ball pythons
  12 endoplasms
  2 giant cockroaches
  6 hobgoblins
  16 jackals
  4 kobolds
  2 quokkas
  4 bats
  A frilled lizard (D:3)
  4 goblins
  5 rats
71 creatures vanquished.

Notes
Turn   | Place    | Note
-------+----------+-------------------------------------------
     0 | D:1      | FIQ the Demonspawn Berserker began the quest for the Orb.
     0 | D:1      | Reached XP level 1. HP: 18/18 MP: 1/1
    37 | D:1      | Found a faded altar of an unknown god.
   223 | D:1      | Gained mutation: You are partially covered in molten
                  | scales. (AC +2) [demonic ancestry]
   223 | D:1      | Reached XP level 2. HP: 24/24 MP: 2/2
   872 | D:1      | Gained mutation: You have a pair of small horns on your
                  | head. [demonic ancestry]
   872 | D:1      | Reached XP level 3. HP: 29/29 MP: 3/3
  1414 | D:2      | Reached ** piety under Trog
  1678 | D:2      | Noticed Sigmund
  1687 | D:2      | Killed Sigmund
  1688 | D:2      | Reached skill level 4 in Fighting
  1688 | D:2      | Reached XP level 4. HP: 37/37 MP: 4/4
  1688 | D:2      | Reached XP level 5. HP: 42/42 MP: 5/5
  2119 | D:3      | Reached XP level 6. HP: 48/48 MP: 6/6
  2716 | D:4      | Noticed Natasha
  2717 | D:4      | Noticed Edmund
  2724 | D:4      | HP: 1/73 [Edmund (10)]
  2725 | D:4      | Killed from afar by Natasha

Illustrated notes

Levels and vault maps discovered:
D:1:      dpeg_arrival_simpleton_a, layout_basic, basic_ecumenical_altar
D:2:      layout_basic, uniq_sigmund
D:3:      layout_rooms, minmay_fractal_squares_5
D:4:      layout_rooms, minmay_temple_entry_gardened_gates, fountainhead,
          chequers_arboretum, moated_statue, minmay_misc_feat_columns,
          nicolae_shop_overcharged_wands, uniq_natasha, uniq_edmund,
          uniq_menkaure

Skill      XL: |  1  2  3  4  5 |
---------------+----------------+-----
Armour         | 2 3 |  3.2
Dodging        | 2 3 |  3.2
Long Blades    | 3 |  3.9
Fighting       | 4 |  4.3

Action                   |  1- 3 |  4- 6 || total
-------------------------+-------+-------++-------
Melee: Falchion          |    93 |    93 ||   186
       Headbutt          |     4 |    19 ||    23
Invok: Berserk           |     4 |     2 ||     6
Armor: Animal skin       |    33 |       ||    33
       Robe              |       |    38 ||    38
Dodge: Dodged            |    70 |    72 ||   142
       Rpst.: Falchion   |    24 |    26 ||    50
